 Dungeon Crawl Stone Soup version 0.30-a0-365-ge7f957f1db (webtiles) character file.

Game seed: 6879660954597683216

58236 Lobster4 the Zephyrmancer (level 15, -2/113 HPs)
             Began as a Human Air Elementalist on Nov 16, 2022.
             Was a High Priest of Sif Muna.
             Killed from afar by a war gargoyle (36 damage)
             ... with a spray of metal splinters
             ... on level 12 of the Dungeon.
             The game lasted 01:25:42 (27805 turns).

Lobster4 the Zephyrmancer (Human Air Elementalist) Turns: 27805, Time: 01:25:42

Health: -2/113     AC: 12    Str:  9    XL:     15   Next: 29%
Magic:  22/22      EV: 14    Int: 19    God:    Sif Muna [*****.]
Gold:   1410       SH: 11    Dex: 17    Spells: 0/24 levels left

rFire   + . .      SeeInvis +    a - +11 dagger of Barnacled Gallantry {spect, rElec}
rCold   . . .      Faith    .    V - +0 buckler
rNeg    . . .      Spirit   .    k - +1 leather armour {Will+}
rPois   .          Reflect  +    d - +1 helmet {SInv}
rElec   +          Harm     .    z - +1 cloak
rCorr   .          Rampage  .    y - +1 pair of gloves
Will    ++...                    X - +0 pair of boots
Stlth   +++.......               j - amulet of reflection
HPRegen 0.38/turn                o - ring of protection from fire
MPRegen 0.18/turn                O - +4 ring of slaying

@: no status effects
A: no striking features
a: Renounce Religion, Channel Magic, Forget Spell, Divine Exegesis


You were on level 12 of the Dungeon.
You worshipped Sif Muna.
Sif Muna was extremely pleased with you.
You visited 3 branches of the dungeon, and saw 18 of its levels.
You also visited: Ossuary and Bailey.

You collected 1449 gold pieces.
You spent 39 gold pieces at shops.

Inventory:

Hand Weapons
 a - the +11 dagger of Barnacled Gallantry (weapon) {spect, rElec}
   (You found it on level 4 of the Dungeon)

   When its wielder attacks, the weapon's spirit leaps out and strikes again.
   The spirit shares a part of any damage it takes with its wielder.
   rElec:     It insulates you from electricity.
 b - a +1 shortbow of flaming
 f - the +8 arbalest "Tickouh" {speed, rF- rN+++ MP+9 Int+2}
   (You found it on level 5 of the Lair of Beasts)

   Attacks with this weapon are significantly faster.
   Int:       It affects your intelligence (+2).
   rF:        It makes you vulnerable to fire.
   rN:        It renders you almost immune to negative energy.
   MP:        It affects your magic capacity (+9).
 K - a +2 vorpal long sword
Missiles
 l - 45 poisoned darts (quivered)
 W - 2 curare-tipped darts
Armour
 d - a +1 helmet of see invisible (worn)
 k - a +1 leather armour of willpower (worn)
 y - a +1 pair of gloves (worn)
 z - a +1 cloak (worn)
 D - a +3 leather armour of positive energy
 J - +0 acid dragon scales
 V - a +0 buckler (worn)
 X - a +0 pair of boots (worn)
Magical Staves
 I - a staff of air
Jewellery
 g - a ring of magical power
 j - an amulet of reflection (around neck)
 n - a ring of poison resistance
 o - a ring of protection from fire (left hand)
 v - a ring of ice
 F - the amulet "Haenisme" {Spirit Rampage *Slow rF++ Regen+}
   (You took it off a gnoll on level 6 of the Dungeon)

   [amulet of guardian spirit]

   It causes incoming damage to be divided between your reserves of health and
   magic.
   rF:        It greatly protects you from fire.
   Regen:     It increases your rate of health regeneration.
   *Slow:     It may slow you when you take damage.
   Rampage:   It bestows one free step when moving towards enemies.
 O - a +4 ring of slaying (right hand)
 U - a ring of positive energy
Wands
 c - a wand of mindburst (18)
 u - a wand of quicksilver (4)
 G - a wand of polymorph (3)
 N - a wand of iceblast (1)
 T - a wand of charming (6)
 Y - a wand of flame (13)
Scrolls
 e - 5 scrolls of immolation
 i - 2 scrolls of enchant weapon
 x - 9 scrolls of identify
 H - 3 scrolls of teleportation
 P - a scroll of silence
 Q - 6 scrolls of magic mapping
 R - a scroll of poison
 Z - a scroll of blinking
Potions
 h - 2 potions of brilliance
 m - a potion of resistance
 p - 2 potions of heal wounds
 q - 2 potions of cancellation
 r - 2 potions of ambrosia
 s - 2 potions of haste
 t - 2 potions of berserk rage
 A - 2 potions of magic
 B - a potion of might
 E - 6 potions of curing
 L - 2 potions of lignification
 M - 2 potions of invisibility
Miscellaneous
 w - a box of beasts (inert)
 S - a condenser vane


   Skills:
 + Level 9.3 Fighting
 * Level 7.7 Short Blades
 + Level 2.8 Ranged Weapons
 - Level 1.0 Throwing
 - Level 6.0 Armour
 - Level 6.0 Dodging
 + Level 5.5 Stealth
 - Level 6.0 Shields
 + Level 5.2 Spellcasting
 + Level 9.2 Conjurations
 + Level 1.1 Summonings
 + Level 3.8 Ice Magic
 * Level 13.4 Air Magic
 - Level 3.0 Poison Magic
 + Level 9.6 Invocations
 - Level 3.0 Evocations


You couldn't memorise any spells.
You knew the following spells:

 Your Spells              Type           Power      Damage    Failure   Level
a - Shock                 Conj/Air       100%       1d9       1%          1
b - Searing Ray           Conj           80%        2d7       1%          2
c - Mephitic Cloud        Conj/Pois/Air  37%        N/A       1%          3
d - Airstrike             Air            27%        2d(4-20)  1%          4
e - Static Discharge      Conj/Air       96%        2-6/arc   1%          2
f - Swiftness             Air            54%        N/A       1%          3
g - Freezing Cloud        Conj/Ice/Air   19%        6-21      16%         5
h - Summon Lightning Spi  Summ/Air       32%        N/A       10%         4

Your spell library contained the following spells:

 Spells                   Type           Power      Damage    Failure   Level
 Kiss of Death            Conj/Necr      88%        2d12      3%          1
 Cigotuvi's Dreadful Rot  Necr/Pois/Air  50%        N/A       3%          2
 Iskenderun's Battlesphe  Conj           40%        2d9       12%         5
 Summon Small Mammal      Summ           36%        N/A       13%         1
 Ozocubu's Armour         Ice            19%        N/A       13%         3
 Ensorcelled Hibernation  Hex/Ice        24%        N/A       14%         2
 Necrotise                Necr           16%        1d4       21%         1
 Conjure Ball Lightning   Conj/Air       24%        3x3d8     28%         6
 Passwall                 Tmut/Erth      3%         N/A       30%         2
 Call Canine Familiar     Summ           9%         N/A       36%         3
 Summon Guardian Golem    Hex/Summ       7%         N/A       43%         3
 Gell's Gravitas          Tloc           4%         N/A       52%         3
 Lesser Beckoning         Tloc           8%         N/A       52%         3
 Teleport Other           Tloc           4%         N/A       52%         3
 Vampiric Draining        Necr           4%         2d6       52%         3
 Fireball                 Conj/Fire      11%        3d7       63%         5
 Irradiate                Conj/Tmut      11%        3d15      63%         5
 Animate Armour           Summ/Erth      14%        N/A       85%         4
 Metabolic Englaciation   Hex/Ice        6%         N/A       95%         5
 Orb of Destruction       Conj           20%        9d8       98%         7
 Agony                    Necr           4%         N/A       99%         5
 Blade Hands              Tmut           2%         N/A       99%         5
 Iron Shot                Conj/Erth      11%        9d3       99%         6
 Maxwell's Capacitive Co  Air            27%        ∞         99%         8
 Simulacrum               Ice/Necr       6%         N/A       100%        6
 Storm Form               Tmut/Air       15%        N/A       100%        7
 Polar Vortex             Ice            9%         N/A       100%        9


Dungeon Overview and Level Annotations

Branches:
Dungeon (12/15)            Temple (1/1) D:4            Lair (5/5) D:9
  Swamp (0/4) Lair:2       Spider (0/4) Lair:3        Slime (0/5) Lair:5
    Orc (0/2) D:12        Ossuary (visited)          Bailey (visited)

Altars:
Ashenzari
Cheibriados
Dithmenos
Elyvilon
Fedhas
Gozag
Hepliaklqana
Kikubaaqudgha
Makhleb
Nemelex Xobeh
Okawaru
Qazlal
Ru
Sif Muna
Trog
Uskayaw
Vehumet
Wu Jian
Xom
Yredelemnul
Zin
The Shining One

Shops:
D:10 !

Annotations:
D:4 3 runed translucent doors, Taurus's ghost, amateur MiFi
D:10 2 transporters


Message History

You feel yourself speed up.
You open the door.
A tengu conjurer comes into view.
There is an open door here.
The helpless tengu conjurer fails to defend itself.
You skewer the tengu conjurer like a kebab!!!
You kill the tengu conjurer!
Sif Muna accepts your kill.
You see here a tengu corpse.
As you open the door, it creaks loudly!
An efreet comes into view.
It is wielding a +3 scimitar of flaming.
You're wearing all the rings you can.
Remove which one? (? for menu, Esc to cancel) < or
n - a ring of poison resistance; > or
O - a +4 ring of slaying You remove your ring of poison resistance.
Found 34 gold pieces and a wand of polymorph (5).
o - a ring of protection from fire (left hand)
You puncture the efreet!
The efreet is lightly wounded.
Your +11 dagger of Barnacled Gallantry {spect, rElec} hits the efreet but does no damage.
The efreet hits you with a +3 scimitar of flaming.
The war gargoyle launches metal splinters at you.
The spray of metal splinters hits your +11 dagger of Barnacled Gallantry {spect, rElec}!!
Your spectral weapon shares its damage with you!
The spray of metal splinters hits you!!!
As you read the scroll of summoning, it crumbles to dust.
Wisps of shadow whirl around you... The efreet barely misses you.
You swap places.
Found a staff of air and a condenser vane.
Your shadow slips into darkness.
Your shadow flickers and vanishes for a moment.
Your yak barely misses the war gargoyle.
The war gargoyle hits you with a +0 lajatang!!
The war gargoyle misses you.
Your shadow strikes at the efreet from the darkness!
You swap places.
The war gargoyle launches metal splinters at you.
The spray of metal splinters hits your yak!!
The spray of metal splinters hits you!!!
You die...

..##.####...# #####
.....# ##...# #...#
#.##.# #..### #...+
#.##.###..### ...
#.##........# ##○######
#.##.###..#.# #☼W.#|.}#.
#.........#.###R9YY...#.
..##.####.....#.Y.#$./#.
...#.# ####.###@## ###
.....# #.##...# ....
#.##...# #.### #.##...#
#. #.###'## #. #.....#
#######


You could see a war gargoyle (catching breath, ally target), an efreet (ally
target), 3 friendly yaks and a friendly shadow (summoned).

Vanquished Creatures
  Erolcha (D:11)
  5 hydras
  3 catoblepae
  3 two-headed ogres
  3 boulder beetles
  Erica (Lair:1)
  11 death yaks
  Amaemon (Lair:2)
  Sonja (Lair:5)
  3 skeletal warriors
  A lindwurm (Lair:5)
  Pikel (D:9)
  A deep elf pyromancer (D:12)
  An ugly thing (D:11)
  3 manticores
  2 cyclopes
  2 black mambas (Lair:5)
  A torpor snail (Lair:5)
  An orange demon (Lair:2)
  A gargoyle (Bailey)
  14 cane toads
  An unseen horror (D:10)
  4 rime drakes
  8 komodo dragons
  Maggie (D:7)
  A freezing wraith (D:12)
  A kobold demonologist (D:10)
  A tengu conjurer (D:12)
  2 trolls
  A raiju (Lair:5)
  A hornet (D:9)
  13 polar bears
  Prince Ribbit (D:6)
  2 slime creatures (Lair:5)
  4 jumping spiders (Lair:3)
  29 blink frogs
  2 dream sheep (Lair:5)
  4 vampires
  2 culicivoras (Lair:3)
  4 wyverns
  A wraith (D:9)
  21 yaks
  2 basilisks
  2 vampire mosquitoes (Lair:2)
  Edmund (D:4)
  4 wargs (Lair:5)
  2 acid dragons
  16 hell hounds (Lair:5)
  9 water moccasins
  5 orc warriors
  12 black bears
  3 centaurs
  28 wolves
  An elf zombie (Ossuary)
  A lemure (D:9)
  2 kobold brigands
  5 bullfrogs
  6 scorpions
  4 wights
  6 killer bees (D:9)
  2 howler monkeys
  6 vampire bats (Bailey)
  7 wolf zombies (Bailey)
  2 electric eels
  6 jellies
  7 orc priests
  6 hounds
  A gnoll bouda (D:6)
  3 iguanas
  6 orc wizards
  Ijyb (D:4)
  3 mummies
  Robin (D:2)
  7 gnolls
  6 adders
  4 white imps
  An ufetubus (D:5)
  3 worms (D:2)
  A dart slug (D:4)
  42 orcs
  5 ball pythons
  3 bats
  2 endoplasms
  4 giant cockroaches
  6 gnoll zombies (Ossuary)
  11 goblins
  9 hobgoblins
  12 jackals
  19 kobolds
  6 quokkas
  4 frilled lizards
  3 goblin zombies (Ossuary)
  3 hobgoblin zombies (Ossuary)
  19 orc zombies
  6 rats
500 creatures vanquished.

Vanquished Creatures (others)
  A bush (D:7)
  45 fungi
  80 plants
126 creatures vanquished.

Grand Total: 626 creatures vanquished

Notes
Turn   | Place    | Note
-------+----------+-------------------------------------------
     0 | D:1      | Lobster4 the Human Air Elementalist began the quest for the
                  | Orb.
     0 | D:1      | Reached XP level 1. HP: 13/13 MP: 3/3
   296 | D:1      | Reached XP level 2. HP: 16/19 MP: 0/5
   788 | D:1      | Reached XP level 3. HP: 25/25 MP: 3/6
  1736 | D:2      | HP: 1/25 [adder (2)]
  1738 | D:2      | Reached XP level 4. HP: 2/31 MP: 0/7
  1857 | D:2      | Learned a level 3 spell: Swiftness
  2128 | D:2      | Noticed Robin
  2138 | D:2      | Killed Robin
  2139 | D:2      | Reached skill level 1 in Armour
  2142 | D:2      | Reached skill level 1 in Fighting
  2679 | D:2      | Found a faded altar of an unknown god.
  3322 | D:3      | Found a stormy altar of Qazlal.
  3354 | D:3      | Reached XP level 5. HP: 37/37 MP: 5/8
  3853 | D:3      | Found a burning altar of Makhleb.
  4101 | D:4      | Reached skill level 1 in Throwing
  4228 | D:4      | Found a staircase to the Ecumenical Temple.
  4242 | Temple   | Entered the Ecumenical Temple
  4254 | Temple   | Became a worshipper of Sif Muna the Loreminder
  4348 | D:4      | Found a sand-covered staircase.
  4355 | D:4      | Reached XP level 6. HP: 43/43 MP: 3/9
  4406 | Ossuary  | Entered an ossuary
  4642 | Ossuary  | Reached skill level 4 in Air Magic
  5050 | Ossuary  | Reached skill level 1 in Short Blades
  5050 | Ossuary  | Reached skill level 1 in Evocations
  5214 | D:4      | Found a radiant altar of Vehumet.
  5509 | D:4      | Reached * piety under Sif Muna
  5579 | D:4      | Found a runed translucent gate.
  5579 | D:4      | Found a runed translucent gate.
  5581 | D:4      | Found a runed translucent gate.
  5586 | D:4      | Noticed Taurus's ghost (amateur MiFi)
  5632 | D:4      | Found a hide-covered altar of Uskayaw.
  5831 | D:4      | Identified the +11 dagger of Barnacled Gallantry {spect,
                  | rElec}
  5858 | D:4      | Noticed Edmund
  5909 | D:4      | Noticed Ijyb
  5911 | D:4      | Killed Ijyb
  5912 | D:4      | Reached skill level 1 in Invocations
  6129 | D:4      | Killed Edmund
  6130 | D:4      | Reached XP level 7. HP: 49/49 MP: 8/11
  6310 | D:5      | Entered Level 5 of the Dungeon
  6929 | D:5      | Reached XP level 8. HP: 53/56 MP: 9/12
  7514 | D:5      | Found an iron altar of Okawaru.
  7752 | D:6      | Noticed Prince Ribbit
  7759 | D:6      | Killed Prince Ribbit
  7760 | D:6      | Reached skill level 5 in Air Magic
  7873 | D:6      | Found a hazy altar of Hepliaklqana.
  8391 | D:6      | Identified the amulet "Haenisme" {Spirit Rampage *Slow rF++
                  | Regen+}
  8622 | D:6      | Found a sparkling altar of Nemelex Xobeh.
  8663 | D:6      | Reached XP level 9. HP: 63/63 MP: 14/14
  9118 | D:7      | Found a basalt altar of Yredelemnul.
  9345 | D:7      | Found a white marble altar of Elyvilon.
  9498 | D:7      | Reached skill level 6 in Air Magic
  9796 | D:7      | Noticed Maggie
  9839 | D:7      | Reached ** piety under Sif Muna
 10074 | D:7      | Killed Maggie
 10667 | D:8      | Reached XP level 10. HP: 71/71 MP: 16/16
 11146 | D:9      | Found a staircase to the Lair.
 11224 | D:9      | Reached skill level 7 in Air Magic
 11229 | D:9      | Reached *** piety under Sif Muna
 11288 | D:9      | Found a flagged portal.
 11307 | Bailey   | Entered a bailey
 11642 | Bailey   | Reached skill level 5 in Dodging
 11830 | Bailey   | Noticed a gargoyle
 11832 | Bailey   | Killed a gargoyle
 11911 | Bailey   | Identified the +3 plate armour of Indomitability {Drain
                  | +Blink Int+8 Dex-5}
 12238 | D:9      | Noticed a two-headed ogre
 12241 | D:9      | Killed a two-headed ogre
 12242 | D:9      | Reached skill level 5 in Armour
 12242 | D:9      | Reached skill level 5 in Spellcasting
 12891 | D:9      | Reached XP level 11. HP: 75/78 MP: 18/18
 12894 | D:9      | Reached **** piety under Sif Muna
 12967 | D:9      | Noticed Pikel
 12991 | D:9      | Reached skill level 5 in Conjurations
 13024 | D:9      | Killed Pikel
 13025 | D:9      | Reached skill level 5 in Fighting
 13025 | D:9      | Reached skill level 8 in Air Magic
 13217 | D:10     | Entered Level 10 of the Dungeon
 13425 | D:10     | Found a glowing silver altar of Zin.
 13438 | D:10     | Found a bloodstained altar of Trog.
 13445 | D:10     | Found an ornate altar of the Wu Jian Council.
 13525 | D:10     | Found a blossoming altar of Fedhas.
 13598 | D:10     | Found Esesyrar's Distillery.
 13607 | D:10     | Bought a potion of lignification for 39 gold pieces
 13616 | D:10     | Noticed a two-headed ogre
 13638 | D:10     | Killed a two-headed ogre
 13639 | D:10     | Reached skill level 5 in Short Blades
 13639 | D:10     | Reached skill level 5 in Invocations
 13645 | D:10     | Learned a level 4 spell: Airstrike
 13651 | D:10     | Found a glowing golden altar of the Shining One.
 13745 | D:10     | Noticed a two-headed ogre
 13761 | D:10     | Killed a two-headed ogre
 13958 | D:10     | Found a transporter.
 13960 | D:10     | Found a transporter.
 13961 | D:10     | Noticed a boulder beetle
 14119 | D:11     | Noticed a skeletal warrior
 14119 | D:11     | Noticed a skeletal warrior
 14119 | D:11     | Noticed a skeletal warrior
 14119 | D:11     | Noticed a skeletal warrior
 14119 | D:11     | Noticed a skeletal warrior
 14144 | D:10     | Found a shimmering altar of Xom.
 14442 | Lair:1   | Entered Level 1 of the Lair of Beasts
 14680 | Lair:1   | Reached skill level 9 in Air Magic
 15102 | Lair:1   | Noticed Erica
 15265 | Lair:1   | Killed Erica
 15770 | Lair:2   | Reached XP level 12. HP: 88/88 MP: 19/19
 15821 | Lair:2   | Reached skill level 5 in Stealth
 15882 | Lair:2   | Reached skill level 10 in Air Magic
 16110 | Lair:2   | Reached ***** piety under Sif Muna
 16541 | Lair:2   | Received a gift from Sif Muna
 16547 | Lair:2   | Got Sif Muna's Compilation of Attacks {god gift}
 16562 | Lair:2   | Learned a level 3 spell: Mephitic Cloud
 16755 | Lair:2   | Reached skill level 1 in Poison Magic
 17049 | Lair:2   | Reached skill level 11 in Air Magic
 17086 | Lair:2   | Noticed Amaemon
 17087 | Lair:2   | Found a staircase to the Swamp.
 17098 | Lair:2   | Found an iron altar of Okawaru.
 17246 | Lair:2   | Noticed a boulder beetle
 17269 | Lair:2   | Killed a boulder beetle
 17339 | Lair:2   | Found a hide-covered altar of Uskayaw.
 17419 | Lair:3   | Reached XP level 13. HP: 67/96 MP: 20/20
 17577 | Lair:3   | Learned a level 2 spell: Searing Ray
 17580 | Lair:3   | Learned a level 2 spell: Static Discharge
 17709 | Lair:3   | Identified the +6 chain mail of Love and Death {rPois rF-
                  | rN+ Str+7}
 17726 | Lair:3   | Noticed a five-headed hydra
 17753 | Lair:2   | Found an ornate altar of the Wu Jian Council.
 18139 | Lair:3   | Killed a five-headed hydra
 18671 | Lair:2   | Killed Amaemon
 19242 | Lair:3   | Found a hole to the Spider Nest.
 19272 | Lair:3   | Reached skill level 1 in Shields
 20353 | Lair:4   | Noticed a catoblepas
 20380 | Lair:4   | Reached skill level 12 in Air Magic
 20529 | Lair:4   | Killed a catoblepas
 21075 | Lair:4   | Identified the +0 robe "Peviyxie" {+Inv rF- rC- Dex+8}
 21243 | Lair:5   | Entered Level 5 of the Lair of Beasts
 21329 | Lair:5   | Received a gift from Sif Muna
 21437 | Lair:5   | Learned a level 5 spell: Freezing Cloud
 21458 | Lair:5   | Noticed Sonja
 21736 | Lair:5   | Killed Sonja
 21737 | Lair:5   | Reached XP level 14. HP: 85/106 MP: 14/21
 21792 | Lair:5   | Found a staircase to the Slime Pits.
 21830 | Lair:5   | Reached skill level 1 in Ice Magic
 23278 | Lair:5   | Identified the +8 arbalest "Tickouh" {speed, rF- rN+++ MP+9
                  | Int+2}
 23288 | Lair:5   | Identified the +8 flail of the Morning {vamp, rElec}
 23533 | Lair:5   | Reached skill level 5 in Shields
 23544 | Lair:5   | Reached skill level 1 in Ranged Weapons
 23544 | Lair:5   | Reached skill level 13 in Air Magic
 23950 | Lair:5   | Received a gift from Sif Muna
 23951 | Lair:5   | Got Pierchyom's Tractate on Evil Transfiguration {god gift}
 25081 | Lair:5   | Reached XP level 15. HP: 113/113 MP: 2/22
 25200 | Lair:5   | Identified the +8 trident "Giant's Death Toll" {venom,
                  | Contam *Noise rPois Int+5}
 25630 | D:11     | Learned a level 4 spell: Summon Lightning Spire
 25828 | D:11     | Noticed Erolcha
 25846 | D:11     | Killed Erolcha
 27208 | D:10     | Found a sacrificial altar of Ru.
 27350 | D:12     | Reached skill level 1 in Summonings
 27688 | D:12     | Found a staircase to the Orcish Mines.
 27800 | D:12     | Noticed a war gargoyle
 27805 | D:12     | Killed from afar by a war gargoyle

Illustrated notes

Levels and vault maps discovered:
D:1:      amcnicky_arrival_double_pillar, layout_basic,
          minmay_shallow_snake_nest
D:2:      layout_loops_corners, shapermc_ecumenical_altar_mp_vishouse,
          uniq_robin
D:3:      layout_basic, mainiacjoe_overflow_cross_hatched, bloody_makhleb,
          serial_park_tiny_2, minmay_misc_feat_cross,
          chequers_serial_rivers_small_3
D:4:      layout_layer_cave, marbit_many_paths, mainiacjoe_overflow_alcove_4,
          minmay_temple_entry_butterflies, ebering_ghost_rock_garden,
          gup_ossuary_entry_pyramid, kennysheep_cluttered_room, minmay_ruptured,
          uniq_edmund, uniq_ijyb
D:5:      layout_basic, kennysheep_little_box, chequers_serial_rivers_micro_b
D:6:      layout_loops_corners, kennysheep_mini_moat, lemuel_crystal_altar,
          uniq_prince_ribbit1
D:7:      layout_gridville, mainiacjoe_overflow_small_starburst,
          mainiacjoe_overflow_boulevard, kb_lookout_dungeons_type, uniq_maggie
D:8:      layout_basic, amethyst_killhole
D:9:      layout_grid_maze, lair_entry_dummy, enter_bailey_6, uniq_pikel
D:10:     gammafunk_boulding_lane, layout_cave_pools, fedhas_altar_fruit_tree,
          zin_academy, nicolae_overflow_hidden_temple,
          mainiacjoe_overflow_big_doors, tso_metal_star, serial_shops,
          nicolae_stop_n_shop_2
D:11:     layout_roguey, uniq_erolcha
D:12:     layout_basic, orc_0_dummy, minmay_evil_grid
Temple:   nicolae_temple_stand_before_the_council
Lair:1:   layout_loops_ring, minmay_stone_trees_large, serial_bayou_ford_a,
          serial_bayou_shore_a, uniq_erica
Lair:2:   layout_roguey, minmay_swamp_entry_swarm, basic_altar,
          nzn_masters_of_martial_movement, grunt_megastairs_3,
          serial_bayou_shore_b, uniq_amaemon
Lair:3:   layout_roguey, nicolae_spider_entry_tight_spaces, minivault_26,
          chequers_serial_rivers_room_b, nicolae_quartered_pool_impasse,
          cheibrodos_lair_lostbears
Lair:4:   layout_hall_layers
Lair:5:   hangedman_lair_caniforms_friends, layout_regular_city,
          hangedman_lair_in_review, minmay_slime_entry_pillars,
          infiniplex_staircase_pool, uniq_sonja

Skill      XL: |  1  2  3  4  5  6  7  8  9 10 11 12 13 14 15 |
---------------+----------------------------------------------+-----
Armour         | 1 2 3 4 5 6 |  6.0
Fighting       | 1 2 3 4 6 7 8 9 |  9.3
Throwing       | 1 |  1.0
Air Magic      | 4 5 6 7 9 11 12 13 | 13.4
Short Blades   | 1 2 3 4 5 6 7 |  7.7
Stealth        | 3 4 5 |  5.5
Evocations     | 1 2 3 |  3.0
Conjurations   | 2 3 4 6 7 8 9 |  9.2
Invocations    | 1 2 3 4 5 7 8 9 |  9.6
Dodging        | 3 4 5 6 |  6.0
Spellcasting   | 3 4 5 |  5.2
Poison Magic   | 1 3 |  3.0
Shields        | 3 5 6 |  6.0
Ice Magic      | 3 |  3.8
Ranged Weapons | 2 |  2.8
Summonings     | 1 |  1.1

Action                   |  1- 3 |  4- 6 |  7- 9 | 10-12 | 13-15 || total
-------------------------+-------+-------+-------+-------+-------++-------
Melee: Whip              |     6 |       |       |       |       ||     6
       Unarmed           |     1 |       |       |       |       ||     1
       Falchion          |    24 |     4 |       |       |       ||    28
       Short sword       |     6 |       |       |       |       ||     6
       Dagger            |       |    36 |    84 |   298 |   414 ||   832
       Punch             |       |       |     2 |     2 |     4 ||     8
Throw: Dart              |     2 |     9 |     4 |    27 |       ||    42
 Cast: Shock             |    81 |   181 |   184 |   250 |   218 ||   914
       Swiftness         |       |       |     1 |     3 |       ||     4
       Airstrike         |       |       |       |       |   130 ||   130
       Searing Ray       |       |       |       |       |    12 ||    12
       Mephitic Cloud    |       |       |       |       |     9 ||     9
Evoke: Wand              |       |     6 |     5 |     7 |       ||    18
       Box of beasts     |       |       |       |       |     1 ||     1
       Condenser vane    |       |       |       |       |     1 ||     1
  Use: Potion            |     1 |       |       |     2 |     2 ||     5
       Scroll            |       |    11 |     6 |    10 |     7 ||    34
 Stab: Sleeping          |       |       |     2 |     3 |     2 ||     7
       Distracted        |       |       |       |     8 |     9 ||    17
       Petrified         |       |       |       |       |     2 ||     2
       Confused          |       |       |       |       |     2 ||     2
Armor: Robe              |     8 |     5 |     9 |       |       ||    22
       Leather armour    |       |       |     2 |    61 |    84 ||   147
Dodge: Dodged            |    39 |    19 |    49 |   159 |   153 ||   419
Block: Other             |     9 |     3 |    19 |    61 |    26 ||   118
       Reflection        |       |       |     4 |     1 |       ||     5
       Buckler           |       |       |       |       |    68 ||    68

Table legend: (Time is in decaauts)
 A = Elapsed time spent in this place.
 B = Non-inter-level travel time spent in this place.
 C = Inter-level travel time spent in this place.
 D = Time resting spent in this place.
 E = Time spent auto-exploring this place.
 F = Levels seen in this place.
 G = Mean time per level.
                   A        B        C        D        E       F      G
               +--------+--------+--------+--------+--------+-----+--------+
         Total |  27666 |  26089 |   1577 |   6658 |  14597 |  20 | 1383.3 |
       Dungeon |  15241 |  14104 |   1137 |   2220 |   9567 |  12 | 1270.1 |
        Temple |     24 |     24 |      0 |      0 |      0 |   1 |   24.0 |
          Lair |  10864 |  10424 |    440 |   3692 |   4806 |   5 | 2172.8 |
       Ossuary |    782 |    782 |      0 |    532 |     57 |   1 |  782.0 |
        Bailey |    754 |    754 |      0 |    214 |    166 |   1 |  754.0 |
               +--------+--------+--------+--------+--------+-----+--------+

Top non-repeatable levels by time:
  Lair:5: 3926 daAuts
  Lair:2: 2658 daAuts
  Lair:3: 1921 daAuts
     D:2: 1892 daAuts
     D:9: 1868 daAuts
    D:11: 1586 daAuts
     D:5: 1461 daAuts
  Lair:1: 1402 daAuts
     D:4: 1399 daAuts
     D:6: 1281 daAuts
     D:3: 1193 daAuts
     D:7: 1150 daAuts
     D:1: 1099 daAuts
  Lair:4: 955 daAuts
    D:10: 945 daAuts
